 Dungeon Crawl Stone Soup version 0.23.2-1-ga50397a (webtiles) character file.

Game seed: 4243972366837745542

48 Borbor the Changer (level 3, 0/27 HPs)
             Began as a Merfolk Transmuter on Apr 27, 2019.
             Succumbed to an adder's poison
             ... on level 2 of the Dungeon.
             The game lasted 00:11:44 (1208 turns).

Borbor the Changer (Merfolk Transmuter)             Turns: 1208, Time: 00:11:44

Health: 0/27       AC:  7    Str: 11    XL:     3   Next: 72%
Magic:  6/6        EV: 17    Int: 12    God:
Gold:   73         SH:  0    Dex: 19    Spells: 0/6 levels left

rFire    . . .     SeeInvis .   j - +0 dagger
rCold    . . .     Gourm    .   (no shield)
rNeg     . . .     Faith    .   k - +0 ring mail
rPois    .         Spirit   .   n - +1 helmet
rElec    .         Reflect  .   e - scarf {cloud immunity}
rCorr    .         Harm     .   (no gloves)
MR       .....                  (no boots)
Stlth    ++........             (no amulet)
HPRegen  0.09/turn              (no ring)
MPRegen  0.10/turn              (no ring)

@: agile, lethally poisoned (0 -> -8)
A: change form in water, swift swim, stealthy swim
a: no special abilities


You were on level 2 of the Dungeon.
You were not hungry.

You visited 1 branch of the dungeon, and saw 2 of its levels.

You collected 73 gold pieces.

Inventory:

Hand Weapons
 j - a +0 dagger (weapon)
Missiles
 a - 41 arrows
 c - 25 sling bullets
 i - 19 stones (quivered)
Armour
 b - a +0 robe
 e - a scarf of cloud immunity (worn)
 k - a +0 ring mail (worn)
 n - a +1 helmet (worn)
Jewellery
 m - an uncursed ring of wizardry {unknown}
 p - an uncursed amulet of faith {unknown}
Scrolls
 h - a scroll of immolation {unknown}
Potions
 o - a potion of agility
Comestibles
 d - 2 rations


   Skills:
 + Level 2.0 Fighting
 + Level 3.4 Dodging
 - Level 3.2 Unarmed Combat
 + Level 2.4 Spellcasting
 * Level 3.6 Transmutations
 + Level 0.3 Poison Magic


You couldn't memorise any spells.
You knew the following spells:

 Your Spells              Type           Power        Failure   Level  Hunger
a - Beastly Appendage     Tmut           ##....       14%         1    ##.....
b - Sticks to Snakes      Tmut           ##......     22%         2    ###....
c - Spider Form           Tmut/Pois      #.........   65%         3    ####...

Your spell library contained the following spells:

 Spells                   Type           Power        Failure   Level  Hunger
 Ice Form                 Ice/Tmut       #.......     97%         4    #####..
 Blade Hands              Tmut           ##........   99%         5    ######.


Dungeon Overview and Level Annotations

Branches:
Dungeon (2/15)

Altars:


Message History

* * * LOW HITPOINT WARNING * * *
You feel sick. The adder bites you.
* * * LOW HITPOINT WARNING * * *
The adder closely misses you.
You closely miss the adder.
The adder is moderately wounded.
* * * LOW HITPOINT WARNING * * *
You feel sick. The adder barely misses you.
You miss the adder.
The adder is moderately wounded.
* * * LOW HITPOINT WARNING * * *
You feel sick. The adder misses you.
You barely miss the adder.
The adder is moderately wounded.
* * * LOW HITPOINT WARNING * * *
You feel sick. The adder bites you but does no damage.
The adder closely misses you.
Your ring mail prevents you from hitting the adder.
The adder is moderately wounded.
You die...

#.####............
##........##.....#
....#....?......
###.#..#w.##.S.
#####..........#.##
........######....#
.####.#w# ###..#
...#S# #....# ...#
#@# ###<##.# ..##
#.# #...##.# .....
# #.####.####.#
.....#### #.##...#
#>## ........##
#.##.### #..# w
.........## #.##.#
##.# #.#
......>...# #....#
.#...# #.......#
#.#### ####...#
#.......###.#
#..w.#


You could see a worm and an adder.

Vanquished Creatures
  2 adders (D:2)
  6 goblins
  3 hobgoblins (D:1)
  4 jackals (D:1)
  4 kobolds (D:1)
  3 bats (D:1)
  6 rats
28 creatures vanquished.

Notes
Turn   | Place    | Note
-------+----------+-------------------------------------------
     0 | D:1      | Borbor the Merfolk Transmuter began the quest for the Orb.
     0 | D:1      | Reached XP level 1. HP: 15/15 MP: 3/3
   290 | D:1      | Reached XP level 2. HP: 18/21 MP: 3/5
   532 | D:1      | Reached XP level 3. HP: 22/27 MP: 6/6
   661 | D:1      | Learned a level 2 spell: Sticks to Snakes
   665 | D:1      | Learned a level 3 spell: Spider Form
  1207 | D:2      | HP: 1/27 [poisoned by an adder]
  1208 | D:2      | Succumbed to an adder's poison

Skill      XL: |  1  2  3 |
---------------+----------+-----
Transmutations | 3 |  3.6
Dodging        | 3 |  3.4
Fighting       | 2 |  2.0
Unarmed Combat | |  3.2
Spellcasting   | |  2.4
Poison Magic   | |  0.3

Action                   || total
-------------------------++-------
Melee: Unarmed           ||     9
       Dagger            ||   143
       Headbutt          ||     8
Throw: Stone             ||    15
 Cast: Beastly Appendage ||    10
  Use: Scroll            ||     2
       Potion            ||     2
  Eat: Chunk             ||     1
Armor: Ring mail         ||    48
Dodge: Dodged            ||    93
